 Dungeon Crawl Stone Soup version 0.31-a0-931-g7b59d4eb97 (webtiles) character file.

Game seed: 6651696613647046408

4002 jlumianski the Grappler (level 10, -1/69 (74) HPs)
             Began as a Gnoll Shapeshifter on Oct 20, 2023.
             Was a Believer of Wu Jian.
             Slain by a wight
             ... wielding a +4 war axe of freezing
              (3 damage)
             ... on level 8 of the Dungeon.
             The game lasted 00:46:11 (7765 turns).

jlumianski the Grappler (Gnoll Shapeshifter)        Turns: 7765, Time: 00:46:13

HP:   -1/69 (74)    AC:  7    Str: 20    XL:     10   Next: 23%
MP:   26/26         EV: 12    Int: 17    God:    Wu Jian [**....]
Gold: 278           SH:  0    Dex: 13    Spells: 12/19 levels left

rFire   . .          .
                       - Unarmed
rCold   . . .        (shield currently unavailable)
rNeg    . . .        k - melded +0 plate armour
rPois   .            (helmet currently unavailable)
rElec   .            (cloak currently unavailable)
rCorr   .            q - melded +1 pair of gloves
SInv    .            e - melded +2 pair of boots
Will    .....        (no amulet)
Stlth   +++          n - ring of magical power
HPRegen 0.31/turn    z - +6 ring of intelligence
MPRegen 0.20/turn

%: no passive effects
@: snake-form, slowed, drained, very slow
A: constrict, reduced hp, large, (fangs 1), strong nose, distributed training
a: Begin Untransformation, Renounce Religion, Wall Jump


You were on level 8 of the Dungeon.
You worshipped Wu Jian.
Wu Jian was pleased with you.
You were an enormous anaconda.
You visited 2 branches of the dungeon, and saw 9 of its levels.
You also visited: Ossuary and Bailey.

You collected 443 gold pieces.
You spent 165 gold pieces at shops.

Inventory:

Hand Weapons
 x - a +2 dagger of venom
 D - a +6 halberd
 L - the +6 arbalest "Webaeder" {freeze, Str+5}
   (You found it in a bailey)

   Str+5:     It affects your strength (+5).
Missiles
 g - 78 stones (quivered)
 r - 5 darts of dispersal
Armour
 a - a +0 animal skin
 e - a +2 pair of boots (melded)
 k - a +0 plate armour (melded)
 q - a +1 pair of gloves (melded)
 K - the +0 plate armour of Conscience {SInv}
   (You found it in a bailey)

   SInv:      It lets you see invisible.
Jewellery
 n - a ring of magical power (left hand)
 o - a ring of fire
 w - a ring of see invisible
 z - a +6 ring of intelligence (right hand)
 B - an amulet of faith
 C - a ring of magical power
 M - a ring of fire
Talismans
 c - a beast talisman
 d - a flux talisman
 u - a serpent talisman (active)
 H - a talisman of death
Wands
 F - a wand of flame (15)
 G - a wand of iceblast (8)
Scrolls
 j - 4 scrolls of enchant armour
 s - 2 scrolls of teleportation
 v - a scroll of butterflies {unknown}
 y - 3 scrolls of poison {unknown}
 A - 2 scrolls of fog
 E - a scroll of enchant weapon {unknown}
 J - 2 scrolls of revelation {unknown}
Potions
 b - 2 potions of lignification
 f - a potion of mutation {unknown}
 h - 2 potions of magic
 i - a potion of cancellation
 l - a potion of brilliance {unknown}
 m - 2 potions of resistance {unknown}
 p - 4 potions of haste
 t - a potion of invisibility


   Skills:
 + Level 5.8 Fighting
 + Level 5.2 Short Blades
 + Level 5.2 Long Blades
 + Level 5.2 Axes
 + Level 5.2 Maces & Flails
 + Level 5.2 Polearms
 + Level 5.2 Staves
 + Level 5.2 Ranged Weapons
 + Level 5.2 Throwing
 + Level 5.2 Armour
 + Level 7.0 Dodging
 + Level 5.2 Stealth
 + Level 5.2 Shields
 + Level 8.4 Unarmed Combat
 + Level 5.2 Spellcasting
 + Level 4.2 Conjurations
 + Level 4.2 Hexes
 + Level 4.2 Summonings
 + Level 4.2 Necromancy
 + Level 4.2 Translocations
 + Level 4.2 Transmutations
 + Level 4.2 Fire Magic
 + Level 4.2 Ice Magic
 + Level 4.2 Air Magic
 + Level 4.2 Earth Magic
 + Level 4.2 Poison Magic
 + Level 5.7 Invocations
 + Level 5.2 Evocations
 + Level 8.1 Shapeshifting


You had 12 spell levels left.
You knew the following spells:

 Your Spells              Type           Power      Damage    Failure   Level
a - Call Imp              Summ           38%        N/A       3%          2
b - Mephitic Cloud        Conj/Pois/Air  19%        N/A       7%          3
c - Searing Ray           Conj           38%        2d5       3%          2

Your spell library contained the following spells:

 Spells                   Type           Power      Damage    Failure   Level
 Magic Dart               Conj           76%        1d6       2%          1
 Hailstorm                Conj/Ice       19%        3d6       7%          3
 Ozocubu's Armour         Ice            19%        N/A       7%          3
 Brom's Barrelling Bould  Conj/Erth      19%        2d4       24%         4
 Flame Wave               Conj/Fire      19%        2d7       24%         4
 Orb of Destruction       Conj           9%         9d6       100%        7


Dungeon Overview and Level Annotations

Branches:
Dungeon (8/15)             Temple (1/1) D:4         Ossuary (visited)
 Bailey (visited)
   Lair: D:8-11

Altars:
Ashenzari
Cheibriados
Dithmenos
Elyvilon
Fedhas
Gozag
Hepliaklqana
Kikubaaqudgha
Makhleb
Nemelex Xobeh
Okawaru
Ru
Sif Muna
Trog
Uskayaw
Vehumet
Wu Jian
Xom
Yredelemnul
The Shining One

Shops:
D:2 =   D:6 (:[

Annotations:
D:3 4 runed translucent doors, Crazy Yiuf; Shayle's ghost, amateur OgHs


Innate Abilities, Weirdness & Mutations

You are an enormous anaconda.
You have a powerful constriction melee attack.
Your maximum health is decreased, since you lack skill for your form.
Your armour is entirely melded.
You are incapable of wielding weapons or throwing items.
((You have very sharp teeth.))
Your uncanny sense of smell can sniff out nearby items.
Your experience applies equally to all skills.


Message History

The wight hits you with a +4 war axe of freezing!
You feel yourself slow down. The wight freezes you.
Your cerulean imp hits the wight from afar with a -3 spear.
The wight attacks as it pursues you! The wight closely misses you.
The wight hits you with a +4 war axe of freezing.
The wight freezes you. The wight hits you but does no damage.
You feel yourself speed up.
Your cerulean imp hits the wight but does no damage.
The wight attacks as it pursues you! The wight barely misses you.
Your cerulean imp closely misses the wight.
The gnoll barely misses something.
The wight attacks as it pursues you! The wight completely misses you.
The wight attacks as it pursues you!
The wight hits you with a +4 war axe of freezing!
The wight freezes you.
Your cerulean imp hits the wight from afar with a -3 spear.
The wight attacks as it pursues you!
The wight hits you with a +4 war axe of freezing!
The wight freezes you. The wight attacks as it pursues you!
The wight hits you with a +4 war axe of freezing!
You feel drained. The wight freezes you.
* * * LOW HITPOINT WARNING * * *
Your cerulean imp hits the wight but does no damage.
Your cerulean imp closely misses the wight.
Your cerulean imp hits the wight but does no damage.
The wight attacks as it pursues you!
The wight hits you with a +4 war axe of freezing!
* * * LOW HITPOINT WARNING * * *
You feel yourself slow down. The wight freezes you.
* * * LOW HITPOINT WARNING * * *
There is a stone staircase leading up here.
Okay, then.
You feel much better.
The wight hits you with a +4 war axe of freezing!
* * * LOW HITPOINT WARNING * * *
You feel drained.
* * * LOW HITPOINT WARNING * * *
The wight freezes you.
You die...

##.....#
##......##
#........##
##.........##
#.#
#...........# ..
##...........##
#.
#.............#
.#
##....).......##
.#
#.....S.......##
#
#.....z........#
##
#.....z.......##
.##
#.....5.......#
..#
##............#
..##
#....g......##
#..######
##.........##
##......##
##.......##
##.......##
#......##


You could see 2 wights, a gnoll and a friendly cerulean imp (summoned).

Vanquished Creatures
  An orc knight (Bailey)
  A deep elf pyromancer (Bailey)
  Menkaure (D:4)
  8 orc warriors
  2 ice beasts
  2 black bears (D:5)
  An ogre (D:4)
  3 bullfrogs
  6 scorpions
  4 wights
  3 centaur zombies (Ossuary)
  5 hounds
  3 orc priests
  A sleepcap (D:6)
  Jessica (D:2)
  2 iguanas (D:4)
  11 orc wizards
  A hound zombie (D:3)
  5 mummies (Ossuary)
  13 gnolls
  6 adders
  2 ufetubi
  A dart slug (D:2)
  31 orcs
  5 endoplasms
  3 giant cockroaches
  7 goblins
  8 hobgoblins
  3 jackals (D:3)
  8 quokkas
  8 ball pythons
  A ball python zombie (D:3)
  5 bats
  2 frilled lizards
  A gnoll zombie (D:5)
  5 hobgoblin zombies (Ossuary)
  6 kobolds
  5 rats
181 creatures vanquished.

Vanquished Creatures (collateral kills)
  An orc (Bailey)
1 creature vanquished.

Grand Total: 182 creatures vanquished

Notes
Turn   | Place    | Note
-------+----------+-------------------------------------------
     0 | D:1      | jlumianski the Gnoll Shapeshifter began the quest for the
                  | Orb.
     0 | D:1      | Reached XP level 1. HP: 17/17 MP: 1/1
   143 | D:1      | Reached XP level 2. HP: 17/23 MP: 2/2
   184 | D:1      | Found a faded altar of an unknown god.
   310 | D:2      | Identified the "Rastaz"
   318 | D:1      | Reached XP level 3. HP: 28/28 MP: 3/3
   340 | D:1      | Reached skill level 1 in Invocations
   543 | D:2      | Reached skill level 1 in Short Blades
   543 | D:2      | Reached skill level 1 in Long Blades
   543 | D:2      | Reached skill level 1 in Axes
   543 | D:2      | Reached skill level 1 in Maces & Flails
   543 | D:2      | Reached skill level 1 in Polearms
   543 | D:2      | Reached skill level 1 in Staves
   543 | D:2      | Reached skill level 1 in Ranged Weapons
   543 | D:2      | Reached skill level 1 in Throwing
   543 | D:2      | Reached skill level 1 in Armour
   543 | D:2      | Reached skill level 1 in Stealth
   543 | D:2      | Reached skill level 1 in Shields
   543 | D:2      | Reached skill level 1 in Spellcasting
   543 | D:2      | Reached skill level 1 in Evocations
   786 | D:2      | Reached XP level 4. HP: 14/34 MP: 5/5
   957 | D:2      | Reached skill level 1 in Conjurations
   957 | D:2      | Reached skill level 1 in Hexes
   957 | D:2      | Reached skill level 1 in Summonings
   957 | D:2      | Reached skill level 1 in Necromancy
   957 | D:2      | Reached skill level 1 in Translocations
   957 | D:2      | Reached skill level 1 in Transmutations
   957 | D:2      | Reached skill level 1 in Fire Magic
   957 | D:2      | Reached skill level 1 in Ice Magic
   957 | D:2      | Reached skill level 1 in Air Magic
   957 | D:2      | Reached skill level 1 in Earth Magic
   957 | D:2      | Reached skill level 1 in Poison Magic
  1343 | D:2      | Noticed Jessica
  1347 | D:2      | Killed Jessica
  1348 | D:2      | Reached XP level 5. HP: 39/40 MP: 5/7
  1371 | D:2      | Found Rukhlemu's Jewellery Boutique.
  2009 | D:3      | Found a runed translucent door.
  2010 | D:3      | Noticed Crazy Yiuf
  2434 | D:3      | Found a runed translucent gate.
  2434 | D:3      | Found a runed translucent gate.
  2434 | D:3      | Found a runed translucent gate.
  2434 | D:3      | Noticed Shayle's ghost (amateur OgHs)
  2436 | D:3      | Found a basalt altar of Yredelemnul.
  2870 | D:3      | Reached XP level 6. HP: 40/47 MP: 8/8
  2950 | D:3      | Reached skill level 5 in Dodging
  3356 | D:2      | Bought a ring of see invisible for 165 gold pieces
  3643 | D:4      | Found a staircase to the Ecumenical Temple.
  3655 | Temple   | Entered the Ecumenical Temple
  3704 | Temple   | Became a worshipper of the Wu Jian Council
  3741 | D:5      | Entered Level 5 of the Dungeon
  3741 | D:5      | Noticed a +0 falchion
  3742 | D:5      | Noticed a +0 spear
  3745 | D:5      | Noticed a +0 dagger
  3746 | D:5      | Noticed a +0 short sword
  3779 | D:5      | Noticed a +0 spear
  3781 | D:5      | Noticed a +0 dagger
  3798 | D:4      | Reached XP level 7. HP: 44/52 MP: 10/10
  3828 | D:5      | Noticed a +0 short sword
  3829 | D:5      | Noticed a +0 falchion
  4104 | D:5      | Found a sand-covered staircase.
  4117 | Ossuary  | Entered an ossuary
  4184 | Ossuary  | Reached XP level 8. HP: 19/60 MP: 12/12
  4189 | Ossuary  | Reached * piety under Wu Jian
  4487 | D:4      | Noticed Menkaure
  4492 | D:4      | Killed Menkaure
  4861 | D:4      | Learned a level 2 spell: Call Imp
  5109 | D:5      | Found a hide-covered altar of Uskayaw.
  5726 | D:6      | Reached XP level 9. HP: 51/66 MP: 14/14
  5831 | D:6      | Learned a level 3 spell: Mephitic Cloud
  5972 | Bailey   | Identified the "Feum"
  6160 | D:6      | Found Aririq's Antique Weapon Shoppe.
  6299 | D:6      | Reached skill level 5 in Fighting
  6314 | D:6      | Found Pires's Armour Boutique.
  6331 | D:6      | Found Bygral's Book Boutique.
  6402 | D:7      | Found a flagged portal.
  6414 | D:6      | Reached ** piety under Wu Jian
  6498 | Bailey   | Entered a bailey
  7007 | Bailey   | Noticed an orc knight
  7043 | Bailey   | Reached skill level 5 in Invocations
  7053 | Bailey   | Killed an orc knight
  7061 | Bailey   | Learned a level 2 spell: Searing Ray
  7222 | Bailey   | Found a large runed translucent door.
  7222 | Bailey   | Found a large runed translucent door.
  7223 | Bailey   | Noticed a deep elf pyromancer
  7263 | Bailey   | Killed a deep elf pyromancer
  7264 | Bailey   | Reached skill level 5 in Short Blades
  7264 | Bailey   | Reached skill level 5 in Long Blades
  7264 | Bailey   | Reached skill level 5 in Axes
  7264 | Bailey   | Reached skill level 5 in Maces & Flails
  7264 | Bailey   | Reached skill level 5 in Polearms
  7264 | Bailey   | Reached skill level 5 in Staves
  7264 | Bailey   | Reached skill level 5 in Ranged Weapons
  7264 | Bailey   | Reached skill level 5 in Throwing
  7264 | Bailey   | Reached skill level 5 in Armour
  7264 | Bailey   | Reached skill level 5 in Stealth
  7264 | Bailey   | Reached skill level 5 in Shields
  7264 | Bailey   | Reached skill level 5 in Spellcasting
  7264 | Bailey   | Reached skill level 5 in Evocations
  7264 | Bailey   | Reached XP level 10. HP: 51/76 MP: 17/17
  7287 | Bailey   | Identified the +0 plate armour of Conscience {SInv}
  7292 | Bailey   | Identified the +6 arbalest "Webaeder" {freeze, Str+5}
  7765 | D:8      | HP: 2/69 [wight/+4 war axe of freezing (7)]
  7765 | D:8      | Slain by a wight

Illustrated notes

Levels and vault maps discovered:
D:1:      dpeg_arrival_tiny_i, layout_rooms,
          hellmonk_ecumenical_altar_arch_garden
D:2:      layout_basic, serial_shops, nicolae_shop_trees, uniq_jessica
D:3:      layout_loops_cross, nicolae_yredelemnul_ghost_church,
          kennysheep_orc_chapel, uniq_crazy_yiuf_cottage
D:4:      layout_rooms, minmay_temple_entry_statues, nicolae_tricolors,
          uniq_menkaure
D:5:      layout_basic, nicolae_uskayaw_en_pointe, enter_ossuary_3, minivault_19
D:6:      layout_cave_pools, serial_shops, shop, shop, nicolae_take_the_stairs
D:7:      layout_basic, mainiacjoe_overflow_paths, enter_bailey_3, moated_statue
D:8:      layout_cave_pods, serial_gnoll_camp, gnoll_camp_mini_doghouse,
          gnoll_camp_mini_house, gnoll_camp_mini_shop, gnoll_camp_mini_house,
          minmay_misc_feat_diagonals
Temple:   mainiacjoe_temple_coin_purse

Skill      XL: |  1  2  3  4  5  6  7  8  9 10 |
---------------+-------------------------------+-----
Invocations    | 1 2 3 4 5 |  5.7
Short Blades   | 1 2 3 5 |  5.2
Long Blades    | 1 2 3 5 |  5.2
Axes           | 1 2 3 5 |  5.2
Maces & Flails | 1 2 3 5 |  5.2
Polearms       | 1 2 3 5 |  5.2
Staves         | 1 2 3 5 |  5.2
Ranged Weapons | 1 2 3 5 |  5.2
Throwing       | 1 2 3 5 |  5.2
Armour         | 1 2 3 5 |  5.2
Stealth        | 1 2 3 5 |  5.2
Shields        | 1 2 3 5 |  5.2
Spellcasting   | 1 2 3 5 |  5.2
Evocations     | 1 2 3 5 |  5.2
Conjurations   | 1 2 3 4 |  4.2
Hexes          | 1 2 3 4 |  4.2
Summonings     | 1 2 3 4 |  4.2
Necromancy     | 1 2 3 4 |  4.2
Translocations | 1 2 3 4 |  4.2
Transmutations | 1 2 3 4 |  4.2
Fire Magic     | 1 2 3 4 |  4.2
Ice Magic      | 1 2 3 4 |  4.2
Air Magic      | 1 2 3 4 |  4.2
Earth Magic    | 1 2 3 4 |  4.2
Poison Magic   | 1 2 3 4 |  4.2
Fighting       | 3 4 5 |  5.8
Dodging        | 5 6 7 |  7.0
Unarmed Combat | 7 8 |  8.4
Shapeshifting  | 7 8 |  8.1

Action                     |  1- 3 |  4- 6 |  7- 9 | 10-12 || total
---------------------------+-------+-------+-------+-------++-------
  Melee: Unarmed           |    62 |   151 |   217 |    30 ||   460
         Bite              |     4 |    16 |    14 |       ||    34
         Punch             |     3 |     5 |     1 |       ||     9
         Constrict         |       |       |    26 |     9 ||    35
  Throw: Stone             |       |     3 |       |       ||     3
   Cast: Call Imp          |       |       |    14 |     2 ||    16
         Mephitic Cloud    |       |       |     2 |     1 ||     3
Ability: Lunge             |       |       |    33 |     6 ||    39
         Whirlwind         |       |       |     6 |     3 ||     9
         Wall Jump         |       |       |     1 |     1 ||     2
    Use: Scroll            |       |       |    12 |       ||    12
         Potion            |       |       |     4 |     1 ||     5
   Stab: Distracted        |       |       |     2 |       ||     2
         Sleeping          |       |       |     2 |       ||     2
         Confused          |       |       |       |     3 ||     3
 Armour: Animal skin       |    40 |       |       |       ||    40
         Plate armour      |    12 |   175 |   141 |       ||   328
         Skin              |       |       |   107 |    25 ||   132
  Dodge: Dodged            |    60 |    30 |   100 |    22 ||   212
   Form: Flux              |       |     1 |       |       ||     1
         Beast             |       |       |     1 |       ||     1
         Anaconda          |       |       |     1 |       ||     1

Table legend: (Time is in decaauts)
 A = Elapsed time spent in this place.
 B = Non-inter-level travel time spent in this place.
 C = Inter-level travel time spent in this place.
 D = Time resting spent in this place.
 E = Time spent auto-exploring this place.
 F = Levels seen in this place.
 G = Mean time per level.
                   A        B        C        D        E       F      G
               +--------+--------+--------+--------+--------+-----+--------+
         Total |   7715 |   7467 |    248 |   1205 |   3640 |  11 |  701.4 |
       Dungeon |   6440 |   6192 |    248 |    711 |   3525 |   8 |  805.0 |
        Temple |     61 |     61 |      0 |      0 |      0 |   1 |   61.0 |
       Ossuary |    299 |    299 |      0 |    174 |     24 |   1 |  299.0 |
        Bailey |    914 |    914 |      0 |    320 |     91 |   1 |  914.0 |
               +--------+--------+--------+--------+--------+-----+--------+

Top non-repeatable levels by time:
     D:2: 1347 daAuts
     D:3: 1312 daAuts
  Bailey: 914 daAuts
     D:1: 900 daAuts
     D:5: 853 daAuts
     D:4: 806 daAuts
     D:6: 796 daAuts
 Ossuary: 299 daAuts
     D:8: 230 daAuts
     D:7: 192 daAuts
  Temple: 61 daAuts
